[Event "Titled Tuesday Blitz January 17 Late 2023"]
[White "Lymar, Vladislav"]
[Black "Dardha, Daniel"]
[WhiteFideId "14162180"]
[BlackFideId "240990"]
[WhiteElo "2119"]
[BlackElo "2631"]
[Result "1-0"]
[Round "02"]
[TimeControl "180+2"]
[Date "2023.01.17"]
[WhiteClock "0:00:08"]
[BlackClock "0:00:11"]

1. e4 e5 2. Nf3 Nc6 3. g3 d5 4. exd5 Qxd5 5. Nc3 Qd6 6. Bg2 Nf6 7. O-O Bg4 8. h3 Bh5 9. g4 Bg6 10. d4 O-O-O 11. dxe5 Nxe5 12. Qe2 Nxf3+ 13. Qxf3 c6 14. Rd1 Qc7 15. Bf4 Qb6 16. Rxd8+ Qxd8 17. Rd1 Qe8 18. Nb5 Bc5 19. b4 Be4 20. bxc5 cxb5 21. Qa3 a6 22. Qa5 Qc6 23. Rd6 Qxc5 24. Rxf6 gxf6 25. Bxe4 Re8 26. Bf5+ Re6 27. Qd2 Qc4 28. Bxe6+ fxe6 29. a3 e5 30. Be3 Qe4 31. Qd6 Qxc2 32. Bb6 Qc1+ 33. Kg2 Qc6+ 34. Qxc6+ bxc6 35. Kf3 Kd7 36. Ke4 Kd6 37. Kf5 c5 38. Kxf6 b4 39. axb4 cxb4 40. Ba5 b3 41. Bc3 e4 42. g5 a5 43. h4 a4 44. Bb2 Kc5 45. h5 Kb4 46. g6 hxg6 47. hxg6 a3 48. Bxa3+ Kxa3 49. g7 b2 50. g8=Q b1=Q 51. Qa8+ Kb2 52. Qb7+ Kc1 53. Qxb1+ Kxb1 54. Ke5 Kc2 55. Kxe4 Kc3 56. f4 Kc4 57. Ke5 Kc5 58. f5 Kc6 59. Ke6 1-0


[Site "https://www.chess.com"]

[Event "Titled Tuesday Blitz January 17 Late 2023"]
[White "Sanal, Vahap"]
[Black "Liang, Justin"]
[WhiteFideId "6300545"]
[BlackFideId "2099942"]
[WhiteElo "2600"]
[BlackElo "2052"]
[Result "0-1"]
[Round "02"]
[TimeControl "180+2"]
[Date "2023.01.17"]
[WhiteClock "0:00:01"]
[BlackClock "0:00:07"]

1. e4 c5 2. Nc3 Nc6 3. Bb5 Nd4 4. a4 a6 5. Bc4 e6 6. Nf3 Qc7 7. Ba2 Nf6 8. d3 Be7 9. Nxd4 cxd4 10. Ne2 Bc5 11. O-O b5 12. Bb3 Bb7 13. Ng3 d5 14. f3 Bd6 15. Qe1 h5 16. Rf2 Bxg3 17. hxg3 Qxg3 18. axb5 axb5 19. Rxa8+ Bxa8 20. Qa5 O-O 21. Qxb5 h4 22. Qc5 e5 23. Kf1 dxe4 24. dxe4 Bxe4 25. Bd2 h3 26. gxh3 Bxf3 27. Bb4 Ra8 28. Ba3 Ne4 29. Bxf7+ Kh8 30. Rxf3 Qxf3+ 0-1


[Site "https://www.chess.com"]

[Event "Titled Tuesday Blitz January 17 Late 2023"]
[White "Zierk, Steven"]
[Black "Chor, Kevin"]
[WhiteFideId "2034255"]
[BlackFideId "2090740"]
[WhiteElo "2488"]
[BlackElo "1944"]
[Result "1-0"]
[Round "02"]
[TimeControl "180+2"]
[Date "2023.01.17"]
[WhiteClock "0:01:00"]
[BlackClock "0:00:11"]

1. e4 c5 2. Nf3 g6 3. d4 cxd4 4. Nxd4 Bg7 5. c4 Nc6 6. Be3 Nf6 7. Nc3 O-O 8. Be2 d6 9. O-O Bd7 10. Rc1 Nxd4 11. Bxd4 Bc6 12. b4 e5 13. Be3 Nxe4 14. b5 Nxc3 15. Rxc3 Be4 16. Bd3 Bxd3 17. Rxd3 Qc7 18. c5 dxc5 19. Rd7 Qb6 20. Qd5 Rad8 21. Qxb7 Qxb7 22. Rxb7 Rb8 23. Rxb8 Rxb8 24. a4 Bf8 25. Rc1 f5 26. Bxc5 Rc8 27. Be3 Rxc1+ 28. Bxc1 f4 29. Bb2 Bd6 30. a5 Kf7 31. b6 axb6 32. a6 Bb8 33. Bxe5 Ba7 34. Bxf4 Ke6 35. g4 Kd5 36. Be3 Kc6 37. f4 Kb5 38. f5 gxf5 39. gxf5 Kxa6 40. f6 Bb8 41. f7 Bd6 42. Bh6 Kb7 43. Kf2 Kc6 44. Kf3 Kd5 45. Kg4 b5 46. f8=Q Bxf8 47. Bxf8 Ke6 48. Kg5 Kf7 49. Bb4 Kg8 50. Kf6 Kh8 51. Kf7 h5 52. h4 Kh7 53. Bd2 Kh8 54. Kg6 Kg8 55. Kxh5 1-0


[Site "https://www.chess.com"]

[Event "Titled Tuesday Blitz January 17 Late 2023"]
[White "Korchmar, Vasiliy"]
[Black "Kamsky, Gata"]
[WhiteFideId "24131750"]
[BlackFideId "2000024"]
[WhiteElo "2438"]
[BlackElo "2665"]
[Result "1/2-1/2"]
[Round "02"]
[TimeControl "180+2"]
[Date "2023.01.17"]
[WhiteClock "0:00:05"]
[BlackClock "0:00:59"]

1. e4 e5 2. Nf3 Nc6 3. Bc4 Bc5 4. c3 Nf6 5. d3 a6 6. Bg5 h6 7. Bh4 Be7 8. a4 d6 9. O-O O-O 10. Nbd2 Nh5 11. Bg3 Nxg3 12. hxg3 Kh8 13. d4 f5 14. dxe5 Nxe5 15. Nxe5 dxe5 16. exf5 Bxf5 17. Qe2 Bc5 18. Ne4 Ba7 19. Rad1 Qe7 20. a5 Rad8 21. Rxd8 Rxd8 22. b4 c6 23. Re1 Bxe4 24. Qxe4 Qf6 25. Re2 Rf8 26. Bd3 Bxf2+ 27. Kh2 Kg8 28. Bc4+ Kh8 29. Bd3 Kg8 30. Bc4+ Kh8 31. Bd3 1/2-1/2


[Site "https://www.chess.com"]

[Event "Titled Tuesday Blitz January 17 Late 2023"]
[White "Dominguez Perez, Leinier"]
[Black "Melikyan, Gnel"]
[WhiteFideId "3503240"]
[BlackFideId "54109990"]
[WhiteElo "2739"]
[BlackElo "2238"]
[Result "1-0"]
[Round "02"]
[TimeControl "180+2"]
[Date "2023.01.17"]
[WhiteClock "0:00:15"]
[BlackClock "0:00:07"]

1. d4 Nf6 2. Nf3 g6 3. e3 Bg7 4. Be2 O-O 5. O-O d6 6. c4 c5 7. Nc3 Nc6 8. d5 Nb8 9. h3 e6 10. e4 exd5 11. exd5 Re8 12. Bd3 Nfd7 13. Bg5 f6 14. Be3 Ne5 15. Nxe5 fxe5 16. Ne4 Bf5 17. Qc2 Bxe4 18. Bxe4 Nd7 19. Rab1 b6 20. a3 Qh4 21. f3 Nf6 22. b4 Bh6 23. Bf2 Qf4 24. g3 Qd2 25. Qxd2 Bxd2 26. Rb3 Nxe4 27. fxe4 cxb4 28. axb4 Rac8 29. Rd1 Bh6 30. Rc3 Re7 31. c5 bxc5 32. bxc5 dxc5 33. Rxc5 Rxc5 34. Bxc5 Rd7 35. Ra1 Rc7 36. Bf2 Kf7 37. Rxa7 Rxa7 38. Bxa7 Ke7 39. Bc5+ Kd7 40. Kf1 Bg5 41. Ke2 Bd8 42. Bb4 h5 43. Bc3 Kd6 44. Bb4+ Kd7 45. Kf3 Bf6 46. Bd2 Bd8 47. g4 Ba5 48. Bxa5 1-0


[Site "https://www.chess.com"]

[Event "Titled Tuesday Blitz January 17 Late 2023"]
[White "Czernek, Tymon"]
[Black "Tang, Andrew"]
[WhiteFideId "1199510"]
[BlackFideId "2059630"]
[WhiteElo "2314"]
[BlackElo "2523"]
[Result "0-1"]
[Round "02"]
[TimeControl "180+2"]
[Date "2023.01.17"]
[WhiteClock "0:00:13"]
[BlackClock "0:00:26"]

1. e4 e5 2. Nf3 Nc6 3. Bc4 Nf6 4. d3 h6 5. O-O d6 6. c3 g5 7. Re1 Bg7 8. b4 O-O 9. Bb3 Ne7 10. Nbd2 Ng6 11. Nf1 c6 12. Ng3 Nf4 13. d4 Qc7 14. dxe5 dxe5 15. Qc2 Bg4 16. Be3 Rad8 17. Rad1 Rxd1 18. Rxd1 Qc8 19. Nf5 Bxf5 20. exf5 e4 21. Ne5 Qxf5 22. Nxf7 Rxf7 23. Rd8+ Bf8 24. Bc5 Ne6 25. Ra8 Kg7 26. Bxf8+ Rxf8 27. Rxa7 Rf7 28. a4 Nd5 29. a5 Nef4 30. g3 Nh3+ 31. Kg2 Nxf2 32. a6 Ne3+ 0-1


[Site "https://www.chess.com"]

[Event "Titled Tuesday Blitz January 17 Late 2023"]
[White "Bortnyk, Mykola"]
[Black "Fiorito, Joaquin"]
[WhiteFideId "14120836"]
[BlackFideId "180173"]
[WhiteElo "2425"]
[BlackElo "2405"]
[Result "1/2-1/2"]
[Round "02"]
[TimeControl "180+2"]
[Date "2023.01.17"]
[WhiteClock "0:00:04"]
[BlackClock "0:00:09"]

1. e4 c6 2. d4 d5 3. Nc3 dxe4 4. Nxe4 Bf5 5. Ng3 Bg6 6. Nh3 e6 7. Nf4 Bd6 8. h4 Qc7 9. Qf3 Bxc2 10. Bc4 Nf6 11. Ngh5 Nxh5 12. Nxh5 O-O 13. Bh6 gxh6 14. O-O Bg6 15. Nf6+ Kg7 16. h5 Bf5 17. Ne4 Bxe4 18. Qxe4 Nd7 19. Rac1 Rae8 20. Rc3 f5 21. Qh4 Nf6 22. Re1 Nd5 23. Rf3 Qa5 24. Re2 Qb4 25. Bb3 a5 26. g4 Nf4 27. Ree3 Qxd4 28. Rg3 Kh8 29. Re1 Nd3 30. Rxd3 Qxd3 31. Rd1 Be7 32. Qh2 Qe4 33. g5 hxg5 34. Rd7 a4 35. Bd1 Bc5 36. Qc7 Qe1+ 37. Kh2 Qxf2+ 38. Kh3 Qh4+ 39. Kg2 Qf2+ 40. Kh3 g4+ 41. Bxg4 fxg4+ 42. Kxg4 Rf4+ 43. Qxf4 Qxf4+ 44. Kxf4 b5 45. Ke4 e5 46. h6 Bd4 47. Rc7 Bxb2 48. Rxc6 b4 49. Rb6 Bc3 50. Rb7 Rf8 51. Kd5 Re8 52. Ke4 Rd8 53. Kf5 Rf8+ 54. Ke4 a3 55. Kd5 Kg8 56. Rg7+ Kh8 57. Rb7 Rd8+ 58. Ke4 Kg8 59. Rg7+ Kh8 60. Rb7 Rd4+ 61. Kf5 Rf4+ 62. Ke6 Rf8 63. Kd5 1/2-1/2


[Site "https://www.chess.com"]

[Event "Titled Tuesday Blitz January 17 Late 2023"]
[White "Ismagilov, Damir"]
[Black "Oparin, Grigoriy"]
[WhiteFideId "34199982"]
[BlackFideId "24125890"]
[WhiteElo "2156"]
[BlackElo "2667"]
[Result "0-1"]
[Round "02"]
[TimeControl "180+2"]
[Date "2023.01.17"]
[WhiteClock "0:00:01"]
[BlackClock "0:00:47"]

1. e4 c5 2. Nf3 Nc6 3. Bb5 d6 4. O-O Bd7 5. Re1 Nf6 6. c3 a6 7. Bf1 Bg4 8. d4 cxd4 9. cxd4 Bxf3 10. gxf3 e5 11. d5 Ne7 12. Kh1 Ng6 13. Nc3 Be7 14. Bg5 Nh5 15. Be3 O-O 16. Rc1 Nhf4 17. Ne2 Nxe2 18. Qxe2 Bg5 19. Bh3 Bf4 20. Qf1 Nh4 21. Bg4 Qf6 22. Qh3 g6 23. Bxf4 exf4 24. Rc7 h5 25. Bd7 Rab8 26. Rec1 Rfd8 27. Ba4 g5 28. Bd7 Kg7 29. Be6 Rf8 30. Rg1 Kh6 31. Bf5 Rfe8 32. Rd7 Re7 33. Rxe7 Qxe7 34. Rc1 Qe5 35. Rc3 Re8 36. Qf1 Nxf5 37. exf5 Qxf5 38. Kg2 g4 39. Qd3 Qg5 40. Rc1 gxf3+ 41. Kf1 Qg2# 0-1


[Site "https://www.chess.com"]

[Event "Titled Tuesday Blitz January 17 Late 2023"]
[White "Tari, Aryan"]
[Black "Khripachenko, Alexander"]
[WhiteFideId "1510045"]
[BlackFideId "54184975"]
[WhiteElo "2642"]
[BlackElo "2110"]
[Result "1-0"]
[Round "02"]
[TimeControl "180+2"]
[Date "2023.01.17"]
[WhiteClock "0:01:22"]
[BlackClock "0:00:42"]

1. d4 d5 2. Nf3 Nf6 3. Bf4 Bf5 4. c4 e6 5. Qb3 dxc4 6. Qxb7 Be4 7. Qb5+ Qd7 8. Qxc4 Nd5 9. Ne5 Qd6 10. Nc3 Qb6 11. Bd2 Nxc3 12. Bxc3 Bd5 13. Qa4+ Nc6 14. e4 1-0


[Site "https://www.chess.com"]

[Event "Titled Tuesday Blitz January 17 Late 2023"]
[White "Crevatin, Leo"]
[Black "Zakhartsov, Vladimir"]
[WhiteFideId "1726307"]
[BlackFideId "4145097"]
[WhiteElo "2292"]
[BlackElo "2552"]
[Result "0-1"]
[Round "02"]
[TimeControl "180+2"]
[Date "2023.01.17"]
[WhiteClock "0:00:05"]
[BlackClock "0:00:40"]

1. d4 Nf6 2. c4 e6 3. Nf3 d5 4. g3 Bb4+ 5. Bd2 Be7 6. Bg2 O-O 7. O-O Nbd7 8. Qc2 c6 9. Bf4 Nh5 10. Bc1 b6 11. Ne5 Bb7 12. cxd5 cxd5 13. Nc6 Bxc6 14. Qxc6 Rc8 15. Qa4 Qc7 16. Nc3 Nhf6 17. Bf4 Qb7 18. Nb5 Rc4 19. Qxa7 Qc6 20. a4 Ra8 21. Qc7 Qxc7 22. Nxc7 Raxa4 23. b3 Rxa1 24. Rxa1 Rxd4 25. Ra8+ Nf8 26. Bf3 Rb4 27. Rb8 Rxb3 28. Rb7 N6d7 29. Be3 Bc5 30. Bxc5 Nxc5 31. Rb8 Nd7 32. Rb7 g6 33. Kg2 Nf6 34. h4 h5 35. Rb8 Kg7 36. Rb7 N8d7 37. e3 Nc5 38. Rb8 Rb2 39. Kf1 Nce4 40. Be2 Nc3 41. Bd3 Nfe4 42. Bxe4 Nxe4 0-1


[Site "https://www.chess.com"]

[Event "Titled Tuesday Blitz January 17 Late 2023"]
[White "Svane, Frederik"]
[Black "Fernandez Garcia, Gumersindo"]
[WhiteFideId "12923044"]
[BlackFideId "24516740"]
[WhiteElo "2600"]
[BlackElo "2160"]
[Result "1-0"]
[Round "02"]
[TimeControl "180+2"]
[Date "2023.01.17"]
[WhiteClock "0:01:16"]
[BlackClock "0:00:20"]

1. e4 c5 2. Nf3 e6 3. Be2 Nc6 4. O-O g6 5. d4 cxd4 6. Nxd4 Bg7 7. Nb5 d5 8. exd5 exd5 9. Qxd5 Qxd5 10. Nc7+ Kf8 11. Nxd5 Bf5 12. Na3 Rd8 13. Ne3 Be6 14. c3 Nge7 15. Bc4 Bxc4 16. Nexc4 f5 17. Bg5 h6 18. Bxe7+ Kxe7 19. Rad1 Rxd1 20. Rxd1 Rd8 21. Rxd8 Kxd8 22. Kf1 a6 23. Ke2 b5 24. Ne3 b4 25. Nb1 bxc3 26. Nxc3 Kd7 27. Nc4 Nb4 28. a3 Nc6 29. Kd3 Ke6 30. b4 g5 31. Na4 Bf8 32. f3 Kd5 33. Ncb6+ Ke6 34. Nc4 Kd5 35. Nc3+ Ke6 36. g4 Be7 37. h3 Bf8 38. Ne2 Kd5 39. Ne3+ Ke5 40. Nxf5 a5 41. Ned4 Nxd4 42. Nxd4 axb4 43. axb4 Kf4 44. Ne6+ Kxf3 45. Nxf8 1-0


[Site "https://www.chess.com"]

[Event "Titled Tuesday Blitz January 17 Late 2023"]
[White "Adewumi, Tanitoluwa"]
[Black "Rasulov, Vugar"]
[WhiteFideId "30966396"]
[BlackFideId "13402390"]
[WhiteElo "2283"]
[BlackElo "2523"]
[Result "0-1"]
[Round "02"]
[TimeControl "180+2"]
[Date "2023.01.17"]
[WhiteClock "0:00:03"]
[BlackClock "0:01:28"]

1. e4 c5 2. Nf3 e6 3. g3 Nc6 4. Bg2 Nf6 5. d3 d5 6. Qe2 Be7 7. O-O O-O 8. e5 Nd7 9. c4 Nb6 10. Bf4 Bd7 11. Nc3 Nd4 12. Nxd4 cxd4 13. cxd5 dxc3 14. d6 Bg5 15. Bxg5 Qxg5 16. f4 Qd8 17. bxc3 Bc6 18. Bxc6 bxc6 19. d4 Rc8 20. Qa6 Qd7 21. Qa5 Nc4 22. Qc5 Nd2 23. Rfd1 Ne4 24. Qa5 c5 25. Rac1 f6 26. Re1 Qc6 27. Qxa7 Rf7 28. Qa3 h5 29. dxc5 fxe5 30. fxe5 Ng5 31. Re3 Nh3# 0-1


[Site "https://www.chess.com"]

[Event "Titled Tuesday Blitz January 17 Late 2023"]
[White "Saveliev, Alexei"]
[Black "Hansen, Eric"]
[WhiteFideId "24128546"]
[BlackFideId "2606771"]
[WhiteElo "2385"]
[BlackElo "2609"]
[Result "0-1"]
[Round "02"]
[TimeControl "180+2"]
[Date "2023.01.17"]
[WhiteClock "0:00:04"]
[BlackClock "0:00:11"]

1. c4 b6 2. Nc3 Bb7 3. d4 g6 4. e4 Bg7 5. f4 e6 6. Nf3 d6 7. Bd3 Nd7 8. O-O Ne7 9. Be3 h6 10. Qd2 a6 11. Rae1 Nf6 12. Kh1 O-O 13. f5 Ng4 14. Bg1 exf5 15. exf5 Nxf5 16. Bxf5 gxf5 17. h3 Nf6 18. d5 Nh5 19. Bh2 f4 20. Bxf4 Nxf4 21. Qxf4 Qf6 22. Qg3 Rae8 23. Ne4 Qg6 24. Qf4 Bc8 25. b3 f5 26. Ng3 Rxe1 27. Rxe1 Qf7 28. Re2 a5 29. Re1 Kh7 30. Qh4 Bf6 31. Qf4 Rg8 32. Nxf5 Bg5 33. Nxg5+ hxg5 34. Qf3 Bxf5 35. Rf1 Rf8 36. Qe3 Qg7 37. Qe2 Kh6 38. Qe3 Bg6 39. Re1 Qf6 0-1


[Site "https://www.chess.com"]

[Event "Titled Tuesday Blitz January 17 Late 2023"]
[White "Ibarra Jerez, Jose Carlos"]
[Black "Pham, Khoi"]
[WhiteFideId "2226332"]
[BlackFideId "1054988"]
[WhiteElo "2563"]
[BlackElo "2355"]
[Result "1-0"]
[Round "02"]
[TimeControl "180+2"]
[Date "2023.01.17"]
[WhiteClock "0:01:02"]
[BlackClock "0:00:49"]

1. e4 c5 2. Nc3 Nc6 3. Bb5 Nd4 4. Nf3 Nxb5 5. Nxb5 d6 6. d4 cxd4 7. Qxd4 Bd7 8. Nc3 e5 9. Qb4 Qc8 10. Bg5 h6 11. Bh4 g5 12. Bg3 Nf6 13. O-O-O a5 14. Qb6 Ra6 15. Qe3 b5 16. h4 g4 17. Nxe5 dxe5 18. Bxe5 Bg7 19. Bd6 Rxd6 20. Rxd6 O-O 21. e5 Ne8 22. Nd5 Nxd6 23. Ne7+ Kh8 24. Nxc8 Nxc8 25. Rd1 Be6 26. Qc5 a4 27. Qxb5 a3 28. b3 Na7 29. Qc5 Nc8 30. Qxa3 Bxe5 31. Qxf8+ 1-0


[Site "https://www.chess.com"]

[Event "Titled Tuesday Blitz January 17 Late 2023"]
[White "Remizov, Yaroslav"]
[Black "Richter, Paul"]
[WhiteFideId "34134015"]
[BlackFideId "2046350"]
[WhiteElo "2421"]
[BlackElo "2171"]
[Result "1-0"]
[Round "02"]
[TimeControl "180+2"]
[Date "2023.01.17"]
[WhiteClock "0:00:08"]
[BlackClock "0:00:02"]

1. e4 c5 2. Nf3 d6 3. d4 cxd4 4. Nxd4 Nf6 5. Nc3 g6 6. g3 Nc6 7. Bg2 Bd7 8. O-O Bg7 9. Nb3 O-O 10. Re1 Rb8 11. a4 a6 12. a5 Be6 13. Nd5 Bxd5 14. exd5 Ne5 15. f4 Ned7 16. Be3 Re8 17. h3 h5 18. c4 Rc8 19. Qe2 Nc5 20. Nxc5 dxc5 21. Red1 Nd7 22. g4 hxg4 23. hxg4 Qc7 24. Ra3 Rb8 25. b3 b6 26. axb6 Rxb6 27. Qa2 Reb8 28. Rd3 Qa7 29. Ra5 Bd4 30. Bxd4 cxd4 31. c5 Rb5 32. Rxb5 Rxb5 33. c6 Nc5 34. Rh3 d3 35. Kh2 Qc7 36. Qf2 Rxb3 37. Qd4 f6 38. d6 Qxd6 39. Qxd6 exd6 40. c7 1-0


[Site "https://www.chess.com"]

[Event "Titled Tuesday Blitz January 17 Late 2023"]
[White "Sebag, Marie"]
[Black "Abdrlauf, Elham"]
[WhiteFideId "617822"]
[BlackFideId "1533533"]
[WhiteElo "2430"]
[BlackElo "2518"]
[Result "0-1"]
[Round "02"]
[TimeControl "180+2"]
[Date "2023.01.17"]
[WhiteClock "0:00:05"]
[BlackClock "0:00:03"]

1. e4 c6 2. Nf3 d5 3. Nc3 dxe4 4. Nxe4 Nf6 5. Qe2 Nxe4 6. Qxe4 Nd7 7. Bc4 Nf6 8. Ne5 e6 9. Qe2 b5 10. Bb3 Qc7 11. O-O Bd6 12. d4 O-O 13. c3 c5 14. Bg5 Nd5 15. Bxd5 exd5 16. Qf3 Be6 17. Bf4 c4 18. Qg3 Rae8 19. h4 Bf5 20. Ng6 Bxf4 21. Nxf4 Qc6 22. Qg5 Be4 23. f3 h6 24. Qh5 Bd3 25. Rfe1 Qd6 26. Qg4 a5 27. Nh5 Bg6 28. Nf4 b4 29. h5 Bd3 30. Rad1 Bc2 31. Rc1 b3 32. a3 a4 33. Nh3 Qf6 34. Qf4 Qd8 35. Re5 Rxe5 36. dxe5 d4 37. Qd2 dxc3 38. Qxc3 Qd3 39. Qb4 Qe3+ 0-1


[Site "https://www.chess.com"]

[Event "Titled Tuesday Blitz January 17 Late 2023"]
[White "Kadric, Denis"]
[Black "Kochetov, Andrey"]
[WhiteFideId "14403803"]
[BlackFideId "24130532"]
[WhiteElo "2601"]
[BlackElo "2165"]
[Result "1-0"]
[Round "02"]
[TimeControl "180+2"]
[Date "2023.01.17"]
[WhiteClock "0:00:45"]
[BlackClock "0:00:01"]

1. e4 c5 2. Nc3 Nc6 3. Nge2 d6 4. d4 cxd4 5. Nxd4 Nf6 6. Bc4 e6 7. Bb3 a6 8. O-O Qc7 9. f4 Nxd4 10. Qxd4 d5 11. Kh1 dxe4 12. Nxe4 Be7 13. Be3 O-O 14. c3 Bd7 15. Nxf6+ Bxf6 16. Qb6 Rac8 17. Rad1 Bb5 18. Rfe1 Bh4 19. g3 Bd8 20. Qxc7 Bxc7 21. Rd2 Rfd8 22. Red1 Rxd2 23. Rxd2 Rd8 24. Rxd8+ Bxd8 25. Kg2 Kf8 26. Bc2 g6 27. Be4 b6 28. b3 Ke7 29. c4 Bd7 30. Kf2 Kd6 31. Bd4 f6 32. b4 Bc6 33. Bd3 Kc7 34. Ke3 Be7 35. a3 a5 36. Bc3 axb4 37. axb4 Kd6 38. h4 Bd8 39. Bd4 Be8 40. c5+ bxc5 41. Bxc5+ Kd5 42. Bb1 Bb5 43. Be4+ Kc4 44. Bd3+ 1-0


[Site "https://www.chess.com"]

[Event "Titled Tuesday Blitz January 17 Late 2023"]
[White "Rodrigues, Tiago Pereira"]
[Black "Pichot, Alan"]
[WhiteFideId "2101203"]
[BlackFideId "110973"]
[WhiteElo "2155"]
[BlackElo "2638"]
[Result "0-1"]
[Round "02"]
[TimeControl "180+2"]
[Date "2023.01.17"]
[WhiteClock "0:00:13"]
[BlackClock "0:00:50"]

1. c4 g6 2. h4 h6 3. Nc3 Bg7 4. d3 c5 5. g3 Nc6 6. Bg2 e6 7. Rb1 Nge7 8. e3 d5 9. Nge2 O-O 10. O-O d4 11. Ne4 b6 12. exd4 cxd4 13. b4 Bb7 14. b5 Na5 15. Ba3 f5 16. Nd2 e5 17. f3 Qd7 18. Bh3 h5 19. Kh2 a6 20. bxa6 Rxa6 21. Ne4 Nac6 22. Bxe7 Qxe7 23. Ng5 Bf6 24. Qd2 Nb8 25. Rb2 Nd7 26. Rfb1 Bxg5 27. hxg5 Bxf3 28. Ng1 Bc6 29. Bg2 Bxg2 30. Kxg2 Rfa8 31. Nf3 Nc5 32. Qe2 e4 33. dxe4 d3 34. Qe3 Qxe4 35. Qf2 Qxc4 36. Rxb6 Rxb6 37. Rxb6 Rxa2 38. Rb2 Rxb2 39. Qxb2 Qc2+ 40. Qxc2 dxc2 0-1


[Site "https://www.chess.com"]

[Event "Titled Tuesday Blitz January 17 Late 2023"]
[White "Galperin, Platon"]
[Black "Janaszak, Dawid"]
[WhiteFideId "14165414"]
[BlackFideId "1119206"]
[WhiteElo "2528"]
[BlackElo "2316"]
[Result "1-0"]
[Round "02"]
[TimeControl "180+2"]
[Date "2023.01.17"]
[WhiteClock "0:01:51"]
[BlackClock "0:00:50"]

1. Nf3 d5 2. g3 c6 3. Bg2 Nf6 4. O-O g6 5. d4 Bg7 6. c4 O-O 7. b3 e6 8. Nc3 Nbd7 9. Qc2 b6 10. e4 Bb7 11. e5 Ne8 12. cxd5 cxd5 13. Ba3 Rc8 14. Qd2 Nc7 15. Bxf8 Bxf8 16. Rac1 Ba3 17. Rc2 Ba6 18. Rd1 Bb4 19. Qc1 Ne8 20. Bf1 Bb7 21. Ne2 f6 22. exf6 Nexf6 23. Nf4 Rxc2 24. Qxc2 Ne4 25. Bb5 a6 26. Bxd7 Qxd7 27. Ne5 Qe7 28. Rc1 Bd6 29. Nfd3 Qf6 30. Kg2 h5 31. h4 a5 32. f3 Qf5 33. fxe4 dxe4 34. Nf4 e3+ 35. Kh2 Be4 36. Qc8+ Bf8 37. Qxe6+ 1-0


[Site "https://www.chess.com"]

[Event "Titled Tuesday Blitz January 17 Late 2023"]
[White "Odegov, Artem"]
[Black "Zhigalko, Sergei"]
[WhiteFideId "34183644"]
[BlackFideId "13502956"]
[WhiteElo "2261"]
[BlackElo "2572"]
[Result "0-1"]
[Round "02"]
[TimeControl "180+2"]
[Date "2023.01.17"]
[WhiteClock "0:00:01"]
[BlackClock "0:00:06"]

1. e4 c5 2. Nc3 Nc6 3. Bb5 Nd4 4. Bc4 e6 5. Nge2 Nf6 6. O-O a6 7. a4 Be7 8. d3 d5 9. exd5 exd5 10. Ba2 Nc6 11. Nf4 Nb4 12. Bb3 Bg4 13. f3 Bf5 14. Qe2 O-O 15. Qe5 c4 16. Qxf5 cxb3 17. cxb3 g6 18. Qh3 Nc2 19. Rb1 Qb6+ 20. Kh1 Qxb3 21. Bd2 Rfe8 22. Qg3 Rad8 23. h4 Nd4 24. h5 Nf5 25. Qh3 Bd6 26. g4 Ne3 27. Bxe3 Rxe3 28. Qh4 Be7 29. g5 Nxh5 30. Nxh5 gxh5 31. Qxh5 Qc2 32. Qh2 Qxd3 33. Rbd1 Qf5 34. Qg2 Rd6 35. Rfe1 d4 36. Rxe3 dxe3 37. Rxd6 Bxd6 38. Ne4 Be5 39. Kg1 Kg7 40. Kf1 Bd4 41. Ke2 Qe6 42. Kd3 Qd5 43. Qh3 b5 44. Qh6+ Kg8 45. Qxa6 Be5+ 46. Kxe3 Bd4+ 47. Ke2 Qc4+ 48. Ke1 Qb4+ 49. Ke2 Qc4+ 50. Ke1 Qb4+ 51. Ke2 Qxb2+ 52. Kf1 Qa1+ 0-1


[Site "https://www.chess.com"]

[Event "Titled Tuesday Blitz January 17 Late 2023"]
[White "Pert, Richard G"]
[Black "Mikaelyan, Arman"]
[WhiteFideId "404748"]
[BlackFideId "13304852"]
[WhiteElo "2412"]
[BlackElo "2523"]
[Result "0-1"]
[Round "02"]
[TimeControl "180+2"]
[Date "2023.01.17"]
[WhiteClock "0:01:10"]
[BlackClock "0:01:57"]

1. e4 c5 2. Nf3 Nc6 3. Bb5 e6 4. Bxc6 bxc6 5. O-O Ne7 6. c3 d5 7. d4 Ng6 8. Re1 Be7 9. dxc5 Bxc5 10. Bg5 Qb6 11. Qc2 O-O 12. b4 Bd6 13. e5 Bc7 14. Nbd2 Qb8 15. Nd4 Bd7 16. f4 h6 17. f5 exf5 18. Bxh6 gxh6 19. Nxf5 Bxf5 20. Qxf5 Bxe5 21. Nf3 Bxc3 22. h4 Qf4 0-1


[Site "https://www.chess.com"]

[Event "Titled Tuesday Blitz January 17 Late 2023"]
[White "Bernadskiy, Vitaliy"]
[Black "Karttunen, Mika"]
[WhiteFideId "14100371"]
[BlackFideId "502081"]
[WhiteElo "2592"]
[BlackElo "2490"]
[Result "1-0"]
[Round "02"]
[TimeControl "180+2"]
[Date "2023.01.17"]
[WhiteClock "0:00:31"]
[BlackClock "0:00:01"]

1. e4 c5 2. Nf3 d6 3. d4 cxd4 4. Nxd4 Nf6 5. Nc3 a6 6. Bg5 e6 7. f4 Qb6 8. Qd2 Qxb2 9. Rb1 Qa3 10. e5 h6 11. Bh4 dxe5 12. fxe5 g5 13. Bg3 Nh5 14. Ne4 Nd7 15. Be2 Nxg3 16. hxg3 Nxe5 17. Nf6+ Ke7 18. O-O Bg7 19. Nh5 Rg8 20. Rb3 Qc5 21. Nxg7 Rxg7 22. Rc3 Qd6 23. Rd1 Qb6 24. Qe3 Nd7 25. Nf5+ Kf6 26. Qxb6 Nxb6 27. Nxg7 Kxg7 28. Rd6 Nd5 29. Rb3 b5 30. a4 bxa4 31. Ra3 Rb8 32. Bf3 Nc7 33. Rxa4 Rb1+ 34. Kh2 Nb5 35. Rd8 Na7 36. c4 f5 37. g4 fxg4 38. Bxg4 Rb2 39. Bf3 g4 40. Bxg4 Bb7 41. Bh3 Nc6 42. Rd7+ Kf6 43. c5 Ne5 44. Rh7 Ng6 45. Rxh6 Kg5 46. Rh8 Bd5 47. Rg4+ Kf6 48. Rh6 Ke7 49. Rhxg6 1-0


[Site "https://www.chess.com"]

[Event "Titled Tuesday Blitz January 17 Late 2023"]
[White "Cori T., Deysi"]
[Black "Baskakov, Egor"]
[WhiteFideId "3801934"]
[BlackFideId "24197866"]
[WhiteElo "2362"]
[BlackElo "2215"]
[Result "0-1"]
[Round "02"]
[TimeControl "180+2"]
[Date "2023.01.17"]
[WhiteClock "0:00:02"]
[BlackClock "0:00:07"]

1. Nf3 Nf6 2. d4 e6 3. e3 d5 4. Nbd2 Ne4 5. Ne5 Nxd2 6. Bxd2 Nd7 7. Nxd7 Bxd7 8. c4 c6 9. Qc2 Bd6 10. e4 O-O 11. e5 Be7 12. Bd3 g6 13. O-O Rc8 14. c5 f5 15. exf6 Bxf6 16. Bc3 Qe7 17. f4 Qg7 18. Qf2 b6 19. b4 bxc5 20. bxc5 g5 21. fxg5 Bxg5 22. Qg3 Kh8 23. Kh1 Rce8 24. Rae1 Bh6 25. Qh4 Rxf1+ 26. Rxf1 Rg8 27. Rf2 Be3 28. Re2 Bg5 29. Qe1 Qh6 30. Qf1 Bf4 31. h3 Qg5 32. Be1 e5 33. dxe5 Be6 34. Qf3 Rf8 35. Rf2 Qxe5 36. Bd2 Bh6 37. Qe2 Qxe2 38. Rxe2 Bxd2 39. Rxd2 Kg7 40. Kg1 Rf4 41. Re2 Bf7 42. Re7 Rd4 43. Bxh7 Kf6 44. Rxa7 Rd1+ 45. Kf2 Rc1 46. Kg3 Rxc5 47. Kf3 Rc3+ 48. Ke2 c5 49. g4 d4 50. Be4 Bc4+ 51. Kd2 Rxh3 52. Ra5 Rh2+ 53. Kc1 Ke5 54. Rxc5+ Kxe4 55. Rxc4 Kd3 56. Rc7 Rxa2 57. g5 Ra1+ 58. Kb2 Rg1 59. Rc5 Kd2 60. Kb3 d3 61. Rd5 Rg4 0-1


[Site "https://www.chess.com"]

[Event "Titled Tuesday Blitz January 17 Late 2023"]
[White "Paichadze, Luka"]
[Black "Megalios, Konstantinos"]
[WhiteFideId "13602934"]
[BlackFideId "4238044"]
[WhiteElo "2515"]
[BlackElo "2372"]
[Result "1-0"]
[Round "02"]
[TimeControl "180+2"]
[Date "2023.01.17"]
[WhiteClock "0:00:46"]
[BlackClock "0:00:01"]

1. e4 c6 2. d4 d5 3. e5 Bf5 4. h4 Qb6 5. Nc3 h5 6. Bd3 Qxd4 7. Nf3 Qg4 8. Bxf5 Qxf5 9. O-O e6 10. Re1 Bc5 11. Ne2 Ne7 12. Ned4 Qg4 13. c3 Nd7 14. Bg5 Nf5 15. Nxf5 Qxf5 16. Qb3 Bb6 17. a4 Nc5 18. Qb4 O-O 19. Nd4 Qg4 20. Re3 Na6 21. Qb3 Bxd4 22. cxd4 Qxd4 23. Rd1 Qb6 24. Qc2 Nb4 25. Qb1 d4 26. Rg3 d3 27. Bf6 g6 28. Qc1 Kh7 29. Rg5 Rg8 30. Qf4 c5 31. Qf3 Rg7 32. Bxg7 Kxg7 33. Qf6+ Kg8 34. g4 Nd5 35. Qf3 hxg4 36. Qxg4 Qb4 37. Rxd3 1-0


[Site "https://www.chess.com"]